 Dungeon Sprint DCSS version 0.28-a0-1616-g050a50673c (webtiles) character file.

Game seed: 10772235769332053179

30 mhtbhm the Ruffian (level 3, -22/36 HPs)
             Began as a Ghoul Berserker on Jan 22, 2022.
             Was a Priest of Trog.
             Annihilated by an ogre (23 damage)
             ... in the Dungeon (Sprint IX: "|||||||||||||||||||||||||||||").
             The game lasted 00:00:33 (120 turns).

mhtbhm the Ruffian (Ghoul Berserker)                 Turns: 120, Time: 00:00:34

Health: -22/36     AC:  2    Str: 21    XL:     3   Next: 20%
Magic:  2/2        EV: 12    Int:  3    God:    Trog [***...]
Gold:   0          SH:  0    Dex:  8    Spells: 2/2 levels left

rFire   . . .      SeeInvis .     - Unarmed
rCold   + . .      Faith    .   (no shield)
rNeg    + + +      Spirit   .   a - +0 animal skin
rPois   ∞          Reflect  .   (no helmet)
rElec   .          Harm     .   (no cloak)
rCorr   .          Rampage  .   (no gloves)
Will    .....      NoTele   +   (no boots)
Stlth   +.........              (no amulet)
HPRegen 0.00/turn               (no ring)
MPRegen 0.08/turn               (no ring)

@: inhibited regen, hasted, very quick
A: claws 1, cold resistance 1, negative energy resistance 3, inhibited
regeneration, torment resistance 2
a: Renounce Religion, Trog's Hand


You were in the Dungeon.
You worshipped Trog.
Trog was most pleased with you.
You visited 1 branch

Inventory:

Armour
 a - a +0 animal skin (worn)
Scrolls
 f - a scroll of blinking
Potions
 e - 2 potions of magic


   Skills:
 + Level 5.2 Fighting
 + Level 2.3 Armour
 + Level 2.5 Dodging
 + Level 5.4 Unarmed Combat


You had 2 spell levels left.
You didn't know any spells.
Your spell library was empty.

Dungeon Overview and Level Annotations

Branches:
Dungeon (1/1)

Altars:


Innate Abilities, Weirdness & Mutations

You thrive by killing the living.
You are immune to poison.
You have sharp fingernails.
Your flesh is cold resistant. (rC+)
You are immune to negative energy. (rN+++)
You do not regenerate when monsters are visible.
You are immune to unholy pain and torment.


Message History

The orc wizard is almost dead.
You bump into the unnaturally hard rock wall.
The orc wizard hits you with a +0 dagger.
You bump into the unnaturally hard rock wall.
You feel less confused.
The orc wizard hits you but does no damage.
You closely miss the orc wizard.
The orc wizard is almost dead.
The orc wizard points at you and mumbles some strange words.
The puff of flame hits you!
You scratch the orc wizard.
You kill the orc wizard!
Trog accepts your kill.
Trog appreciates your killing of a magic user.
Your Fighting skill increases to level 5!
Your Unarmed Combat skill increases to level 5!
You have reached level 2!
You have reached level 3!
Your experience leads to an increase in your attributes!
Increase (S)trength, (I)ntelligence, or (D)exterity?
You feel stronger. x2
Unknown command.
Unknown command.
Things that are here:
a +0 club; a +0 club
There is an open door to the Dungeon here.
You aren't carrying any items that you can evoke.
Unknown command.
Okay, then.
Okay, then.
The ogre hits you with a +0 giant club!
* * * LOW HITPOINT WARNING * * *
Things that are here:
a +0 club; a +0 club You barely miss the ogre.
You scratch the ogre.
The ogre is lightly wounded.
The ogre hits you with a +0 giant club!!
Ouch! That really hurt!
You die...

▓.▓
▓.▓
▓.▓
▓'▓
▓r▓
▓W▓
▓S▓
▓O▓
▓@▓
▓'▓
▓.▓
▓.▓
▓.▓
▓<▓
▓▓▓


You could see a phantom, an ogre, an adder and a quokka.

Vanquished Creatures
  An orc wizard (D)
  3 endoplasms (D)
  A goblin (D)
  A kobold (D)
6 creatures vanquished.

Notes
Turn   | Place    | Note
-------+----------+-------------------------------------------
     0 | D        | mhtbhm the Ghoul Berserker began the quest for the Orb.
     0 | D        | Reached XP level 1. HP: 19/19 MP: 0/0
     2 | D        | Banished a spatial maelstrom
    10 | D        | Reached ** piety under Trog
    86 | D        | Noticed a phantom
    86 | D        | Noticed an ogre
    86 | D        | Noticed an orc wizard
   114 | D        | Killed an orc wizard
   114 | D        | Reached *** piety under Trog
   115 | D        | Reached skill level 5 in Fighting
   115 | D        | Reached skill level 5 in Unarmed Combat
   115 | D        | Reached XP level 2. HP: 14/29 MP: 1/1
   115 | D        | Reached XP level 3. HP: 18/36 MP: 2/2
   118 | D        | HP: 1/36 [ogre (17)]
   120 | D        | Annihilated by an ogre

Illustrated notes

Levels and vault maps discovered:
D:        linesprint [early_d, line_temple, items_1, d_10, items_2, lair_1,
          lair_end, items_3, orc_1, orc_end, items_4, d_15, swamp_1, shoals_1,
          snake_1, spider_1, d_20, vaults_1, items_5, swamp_end, shoals_end,
          snake_end, spider_end, vaults_end, d_27, items_6, zot_1, zot_end,
          crypt_end, forest_end, elf_end, slime_end, tomb_end, abyss_end,
          pan_hell_end]

Skill      XL: |  1 |
---------------+----+-----
Dodging        | 2 |  2.5
Fighting       | 5 |  5.2
Armour         | 2 |  2.3
Unarmed Combat | 5 |  5.4

Action                   || total
-------------------------++-------
Melee: Unarmed           ||    30
  Use: Potion            ||     3
Armor: Animal skin       ||     2
Dodge: Dodged            ||     8

Table legend: (Time is in decaauts)
 A = Elapsed time spent in this place.
 B = Non-inter-level travel time spent in this place.
 C = Inter-level travel time spent in this place.
 D = Time resting spent in this place.
 E = Time spent auto-exploring this place.
 F = Levels seen in this place.
 G = Mean time per level.
                   A        B        C        D        E       F      G
               +--------+--------+--------+--------+--------+-----+--------+
         Total |    108 |    108 |      0 |     62 |      0 |   1 |  108.0 |
       Dungeon |    108 |    108 |      0 |     62 |      0 |   1 |  108.0 |
               +--------+--------+--------+--------+--------+-----+--------+

Top non-repeatable levels by time:
       D: 108 daAuts
